 Dungeon Crawl Stone Soup version 0.28.0-53-g5a82cb258f (webtiles) character file.

Game seed: 17745237968713588128

30 issech the Vexing (level 3, 0/26 HPs)
             Began as a Human Arcane Marksman on May 21, 2022.
             Slain by Terence
             ... wielding a +2 mace of protection
              (5 damage)
             ... on level 2 of the Dungeon.
             The game lasted 00:03:00 (699 turns).

issech the Vexing (Human Arcane Marksman)            Turns: 699, Time: 00:03:01

Health: 0/26       AC:  7    Str: 10    XL:     3   Next: 35%
Magic:  4/4        EV: 10    Int: 13    God:
Gold:   46         SH:  0    Dex: 15    Spells: 3/4 levels left

rFire   . . .      SeeInvis .   m - +0 hand axe
rCold   . . .      Faith    .   (no shield)
rNeg    . . .      Spirit   .   k - +0 ring mail
rPois   .          Reflect  .   (no helmet)
rElec   .          Harm     .   f - +1 cloak
rCorr   .          Rampage  .   (no gloves)
Will    .....                   (no boots)
Stlth   +.........              (no amulet)
HPRegen 0.08/turn               (no ring)
MPRegen 0.09/turn               (no ring)

@: no status effects
A: no striking features
a: no special abilities


You were on level 2 of the Dungeon.
You visited 1 branch of the dungeon, and saw 2 of its levels.

You collected 46 gold pieces.

Inventory:

Hand Weapons
 a - a +0 hand crossbow
 g - a +0 hunting sling
 m - a +0 hand axe (weapon)
Missiles
 c - 8 bolts
Armour
 d - a +0 robe
 f - a +1 cloak (worn)
 k - a +0 ring mail (worn)
 l - a +0 leather armour
Scrolls
 i - a scroll of identify {unknown}
Potions
 b - a potion of invisibility {unknown}
 e - a potion of might {unknown}
 h - a potion of brilliance {unknown}
 j - a potion of flight {unknown}


   Skills:
 + Level 1.2 Fighting
 + Level 2.8 Crossbows
 + Level 0.1 Armour
 + Level 2.1 Dodging
 + Level 1.0 Spellcasting
 + Level 3.4 Hexes


You had 3 spell levels left.
You knew the following spells:

 Your Spells              Type           Power      Damage    Failure   Level
a - Slow                  Hex            36%        N/A       19%         1

Your spell library contained the following spells:

 Spells                   Type           Power      Damage    Failure   Level
 Inner Flame              Hex/Fire       5%         N/A       73%         3
 Portal Projectile        Hex/Tloc       10%        N/A       73%         3
 Cause Fear               Hex            4%         N/A       88%         4


Dungeon Overview and Level Annotations

Branches:
Dungeon (2/15)

Altars:

Annotations:
D:2 Terence


Message History

The giant cockroach barely misses you. The giant cockroach closely misses you.
The giant cockroach bites you but does no damage.
The giant cockroach completely misses you.
The giant cockroach misses you.
The giant cockroach bites you but does no damage.
The giant cockroach bites you but does no damage.
The giant cockroach barely misses you. The giant cockroach closely misses you.
The giant cockroach barely misses you.
The giant cockroach bites you but does no damage.
The giant cockroach closely misses you.
The giant cockroach bites you but does no damage.
The giant cockroach bites you but does no damage.
The giant cockroach bites you but does no damage.
The giant cockroach bites you but does no damage. x2
The giant cockroach bites you.
The giant cockroach bites you but does no damage.
The giant cockroach bites you.
The giant cockroach completely misses you.
The giant cockroach bites you.
* * * LOW HITPOINT WARNING * * *
The giant cockroach bites you.
* * * LOW HITPOINT WARNING * * *
The giant cockroach bites you but does no damage.
The giant cockroach bites you but does no damage.
The giant cockroach misses you. The giant cockroach closely misses you.
You hit the giant cockroach.
The giant cockroach is heavily wounded.
The giant cockroach barely misses you.
The giant cockroach bites you but does no damage.
You hit the giant cockroach.
You kill the giant cockroach!
Terence says, "Did you write a will?
You should..."
Terence closely misses you.
You hit Terence but do no damage.
Terence is lightly wounded.
Terence hits you with a +2 mace of protection.
You die...

.###......##
#...#.#........
..###.###..##
#.###..##.....# ..# #
####..#### ###############
..###.##.......###. .#.#...
.......#.[......... .#...
...###.........#####...#
..## ##........# #.#.(.#
...#####...†...###..(#
................@@.#.#
.##.####........##.#######
.##..###........##........
.###................####.#
.###..##...........#####.##
###...#######.##.........>.
....#.##### #.##.#.†####.##
###........ ..#..##>..#
#.##.######...#####.#


You could see Terence (fast).

Vanquished Creatures
  An adder (D:2)
  2 dart slugs
  2 ball pythons (D:2)
  A giant cockroach (D:2)
  A hobgoblin (D:2)
  2 jackals (D:2)
  2 quokkas (D:2)
  4 bats
15 creatures vanquished.

Notes
Turn   | Place    | Note
-------+----------+-------------------------------------------
     0 | D:1      | issech the Human Arcane Marksman began the quest for the
                  | Orb.
     0 | D:1      | Reached XP level 1. HP: 15/15 MP: 2/2
   106 | D:1      | You fall into a shaft and drop 1 floor!
   212 | D:2      | Reached XP level 2. HP: 21/21 MP: 3/3
   244 | D:2      | Reached XP level 3. HP: 14/26 MP: 4/4
   662 | D:2      | Noticed Terence
   699 | D:2      | Slain by Terence

Illustrated notes

Levels and vault maps discovered:
D:1:      co_arrival_random_square_maze, layout_basic,
          hellmonk_ecumenical_altar_zigzags, serial_shops, shop,
          minmay_liquid_box, chequers_serial_rivers_small_3
D:2:      layout_rooms, roderic_roman_lattice, minmay_misc_feat_alley,
          uniq_terence

Action                   || total
-------------------------++-------
Melee: Hand axe          ||     3
 Fire: Hand crossbow     ||    51
Armor: Robe              ||    10
       Ring mail         ||    21
Dodge: Dodged            ||    54
